 Dungeon Crawl Stone Soup version 0.23-a0-625-g1d2cd9b (webtiles) character file.

14658 HoaS the Fighter (level 12, -4/82 HPs)
             Began as a Gargoyle Berserker on Dec 22, 2018.
             Was a High Priest of Trog.
             Slain by a white ugly thing (6 damage)
             ... on level 12 of the Dungeon on Dec 24, 2018.
             The game lasted 00:45:48 (11428 turns).

HoaS the Fighter (Gargoyle Berserker)              Turns: 11428, Time: 00:45:49

Health: -4/82      AC: 27    Str: 22    XL:     12   Next: 18%
Magic:  12/12      EV: 14    Int:  8    God:    Trog [*****.]
Gold:   631        SH:  0    Dex: 17    Spells: 11/11 levels left

rFire    . . .     SeeInvis .     - Unarmed
rCold    . . .     Gourm    .   (no shield)
rNeg     + . .     Faith    .   s - +7 ring mail of Precision Catastrophes {Dex+4}
rPois    ∞         Spirit   .   j - +1 helmet
rElec    +         Reflect  .   u - +0 cloak
rCorr    .         Harm     .   t - +0 pair of gloves
MR       ++...                  (no boots)
Stlth    +.........             q - amulet of the acrobat
HPRegen  1.23/turn              (no ring)
MPRegen  0.13/turn              (no ring)

@: marked, regenerating
A: negative energy resistance 1, electricity resistance, unbreathing,
petrification resistance, rot immunity, AC +8
a: Berserk, Trog's Hand, Brothers in Arms, Renounce Religion


You were on level 12 of the Dungeon.
You worshipped Trog.
Trog was extremely pleased with you.
You were not hungry.

You visited 1 branch of the dungeon, and saw 12 of its levels.

You collected 631 gold pieces.

Inventory:

Armour
 j - a +1 helmet (worn)
 s - the +7 ring mail of Precision Catastrophes (worn) {Dex+4}
   (You found it on level 6 of the Dungeon)

   It affects your dexterity (+4).
 t - a +0 pair of gloves (worn)
 u - a +0 cloak (worn)
Jewellery
 h - an uncursed ring of fire
 q - an amulet of the acrobat (around neck)
 D - an uncursed ring of wizardry {unknown}
Wands
 f - a wand of acid (5)
 r - a wand of disintegration (20)
 w - a wand of enslavement (8)
 x - a wand of flame (14)
 y - a wand of iceblast (10)
 A - a wand of paralysis (19)
Scrolls
 d - 3 scrolls of teleportation
 n - 4 scrolls of remove curse
 v - a scroll of identify
 C - a scroll of blinking {unknown}
Potions
 a - 2 potions of haste
 c - a potion of lignification
 e - a potion of flight
 g - 2 potions of heal wounds
 i - 6 potions of curing
 k - a potion of resistance {unknown}
 m - a potion of ambrosia {unknown}
 o - a potion of mutation {unknown}
 p - 3 potions of brilliance {unknown}
 z - 2 potions of agility
 B - a potion of berserk rage {unknown}
Comestibles
 b - 21 rations
 l - 2 chunks of flesh


   Skills:
 * Level 12.8 Fighting
 + Level 8.0 Armour
 + Level 5.5 Dodging
 * Level 12.5 Unarmed Combat


You had 11 spell levels left.
You didn't know any spells.
Your spell library contained the following spells:

 Spells                   Type           Power        Failure   Level  Hunger
 Summon Small Mammal      Summ           #...         54%         1    ##.....
 Blink                    Tloc           N/A          69%         2    ###....
 Call Imp                 Summ           #.......     69%         2    ###....
 Shroud of Golubria       Chrm/Tloc      #.........   69%         2    ###....
 Call Canine Familiar     Summ           #.......     89%         3    ####...
 Gell's Gravitas          Tloc           #.........   89%         3    ####...
 Lesser Beckoning         Tloc           #.........   89%         3    ####...
 Summon Guardian Golem    Hex/Summ       #.......     89%         3    ####...
 Teleport Other           Tloc           #.......     89%         3    ####...
 Passage of Golubria      Tloc           N/A          100%        4    #####..
 Summon Ice Beast         Ice/Summ       #.......     100%        4    #####..
 Summon Lightning Spire   Summ/Air       #.......     100%        4    #####..


Dungeon Overview and Level Annotations

Branches:
Dungeon (12/15)            Temple (0/1) D:4            Lair (0/6) D:10
    Orc (0/2) D:11

Altars:
Ashenzari
Cheibriados
Dithmenos
Elyvilon
Fedhas
Kikubaaqudgha
Makhleb
Okawaru
Qazlal
Sif Muna
Trog
Uskayaw
Vehumet
Xom
Beogh

Shops:
D:7 !

Portals:
Gauntlet: D:12

Annotations:
D:8 Prince Ribbit


Innate Abilities, Weirdness & Mutations

You are resistant to torment.
Your stone body is resilient. (AC +8)
You are immune to poison.
You resist negative energy. (rN+)
You are resistant to electric shocks. (rElec)
You can survive without breathing.
You are immune to petrification.
You are immune to rotting.


Message History

You barely miss something. Something barely misses you.
Something hits you but does no damage. The bullfrog hits you.
Something hits you but does no damage.
You closely miss something. Something hits you but does no damage.
The bullfrog hits you but does no damage.
Something hits you!
* * * LOW HITPOINT WARNING * * *
The white ugly thing tail-slaps you.
* * * LOW HITPOINT WARNING * * *
The white ugly thing freezes you!
* * * LOW HITPOINT WARNING * * *
The white ugly thing barely misses you.
The bullfrog hits you but does no damage.
You punch something! Something completely misses you.
Something hits you but does no damage.
A shadow imp comes into view.
The bullfrog hits you but does no damage.
The cyclops hits you but does no damage.
The white ugly thing tail-slaps you.
You die...

...........#
.......)).####
........)..#.####
..##......5...#.##
#........C.#..#
..........##....##
.....##...#......###
)..............C{...#
...............#@u.##
........#...∩.#Fu(#
.....##.......## .
#..##.... .... ......
..........#.
......#.. ........ ..


You could see 2 ugly things, 2 cyclopes, a bullfrog and a shadow imp.

Vanquished Creatures
  A hydra (D:11)
  2 unseen horrors
  Pikel (D:4)
  A cyclops (D:11)
  2 centaur skeletons (D:11)
  A queen bee (D:8)
  3 trolls
  Grinder (D:6)
  8 hippogriffs
  Sigmund (D:6)
  A shadow (D:12)
  A water elemental (D:11)
  5 yaks (D:10)
  A basilisk (D:10)
  Grum (D:8)
  Eustachio (D:6)
  4 porcupines (D:10)
  An ice beast (D:10)
  2 eyes of draining (D:6)
  2 phantoms (D:10)
  8 orc warriors
  A black bear (D:6)
  3 necrophages
  7 ogres
  3 wolves (D:8)
  10 centaurs
  2 crocodiles (D:10)
  4 bullfrogs
  A gnoll sergeant (D:9)
  A scorpion (D:10)
  21 killer bees
  7 wights (D:10)
  An electric eel (D:11)
  2 vampire bats (D:7)
  6 crimson imps
  3 centaur zombies
  A quasit (D:10)
  7 hounds
  2 jellies
  6 bullfrog skeletons
  10 orc priests
  Crazy Yiuf (D:4)
  6 iguanas
  4 worker ants
  18 orc wizards
  A hound skeleton (D:5)
  2 worker ant zombies
  9 gnolls
  A howler monkey skeleton (D:5)
  10 adders
  A shadow imp (D:10)
  An adder zombie (D:5)
  2 adder skeletons
  2 worms
  A dart slug (D:1)
  5 leopard geckos
  49 orcs
  12 bats
  A bat skeleton (D:7)
  3 bat zombies (D:7)
  8 giant cockroaches
  8 goblins
  11 hobgoblins
  2 jackals (D:5)
  5 quokkas
  5 frilled lizards
  5 kobolds
  A leopard gecko skeleton (D:4)
  A quokka skeleton (D:4)
  A quokka zombie (D:7)
  6 rats
328 creatures vanquished.

Vanquished Creatures (others)
  2 fungi (D:10)
  5 plants (D:10)
7 creatures vanquished.

Grand Total: 335 creatures vanquished

Notes
Turn   | Place    | Note
-------+----------+-------------------------------------------
     0 | D:1      | HoaS the Gargoyle Berserker began the quest for the Orb.
     0 | D:1      | Reached XP level 1. HP: 14/14 MP: 1/1
   441 | D:1      | Reached XP level 2. HP: 19/19 MP: 2/2
   758 | D:1      | Reached XP level 3. HP: 23/23 MP: 3/3
  1372 | D:2      | Reached XP level 4. HP: 22/29 MP: 4/4
  1386 | D:2      | Reached ** piety under Trog
  1789 | D:2      | Reached XP level 5. HP: 34/34 MP: 5/5
  1959 | D:2      | Found a shadowy altar of Dithmenos.
  2987 | D:3      | Reached skill level 5 in Fighting
  3181 | D:3      | Found a shimmering altar of Xom.
  3278 | D:4      | Found a shattered altar of Ashenzari.
  3297 | D:4      | Reached XP level 6. HP: 30/40 MP: 6/6
  3393 | D:4      | Found a runed door.
  3493 | D:4      | Reached skill level 5 in Unarmed Combat
  3502 | D:4      | Found a staircase to the Ecumenical Temple.
  3520 | D:4      | Reached *** piety under Trog
  3957 | D:4      | Noticed a slave
  3957 | D:4      | Noticed a slave
  3957 | D:4      | Noticed a slave
  3965 | D:4      | Noticed a slave
  3966 | D:4      | Noticed Pikel
  3977 | D:4      | Killed Pikel
  3977 | D:4      | Reached XP level 7. HP: 48/48 MP: 7/7
  4055 | D:4      | Found a white marble altar of Elyvilon.
  4492 | D:4      | Noticed Crazy Yiuf
  4501 | D:4      | Killed Crazy Yiuf
  4501 | D:4      | Reached XP level 8. HP: 53/53 MP: 8/8
  4582 | D:5      | Entered Level 5 of the Dungeon
  4641 | D:5      | Found a snail-covered altar of Cheibriados.
  5002 | D:5      | Found an iron altar of Okawaru.
  5164 | D:5      | Found a deep blue altar of Sif Muna.
  5221 | D:5      | Found a burning altar of Makhleb.
  5221 | D:5      | Found a blossoming altar of Fedhas.
  5275 | D:6      | Noticed Grinder
  5288 | D:6      | Killed Grinder
  5496 | D:6      | Got a crude ring mail
  5507 | D:6      | Identified the +7 ring mail of Precision Catastrophes
                  | {Dex+4} (You found it on level 6 of the Dungeon)
  5519 | D:6      | Noticed Sigmund
  5527 | D:6      | Killed Sigmund
  5527 | D:6      | Reached XP level 9. HP: 53/60 MP: 9/9
  5620 | D:6      | Found a radiant altar of Vehumet.
  5636 | D:6      | Reached **** piety under Trog
  5738 | D:6      | Found a bloodstained altar of Trog.
  5843 | D:6      | Noticed Eustachio
  5875 | D:6      | Killed Eustachio
  6140 | D:7      | Reached skill level 5 in Armour
  6222 | D:7      | Found an ancient bone altar of Kikubaaqudgha.
  6303 | D:7      | Found a stormy altar of Qazlal.
  6375 | D:7      | Found Tonuinni's Distillery.
  6557 | D:8      | Reached skill level 10 in Fighting
  6741 | D:8      | Reached XP level 10. HP: 68/68 MP: 10/10
  6781 | D:8      | Noticed a +0 hand axe
  6782 | D:8      | Found a hide-covered altar of Uskayaw.
  6782 | D:8      | Noticed a +0 hand axe
  6794 | D:8      | Reached skill level 10 in Unarmed Combat
  7289 | D:8      | Noticed Grum
  7300 | D:8      | Killed Grum
  7516 | D:8      | Noticed Prince Ribbit
  7791 | D:9      | Reached ***** piety under Trog
  8467 | D:10     | Entered Level 10 of the Dungeon
  8650 | D:9      | Reached XP level 11. HP: 74/74 MP: 11/11
  8743 | D:10     | Found a roughly hewn altar of Beogh.
  8940 | D:10     | Found a staircase to the Lair.
  9326 | D:10     | Killed an unseen horror
  9721 | D:11     | Noticed an eight-headed hydra
  9733 | D:11     | Killed an eight-headed hydra
 10110 | D:11     | Reached skill level 5 in Dodging
 10349 | D:11     | Reached ****** piety under Trog
 10356 | D:11     | Upgraded the game from 0.23-a0-619-g281719c to
                  | 0.23-a0-625-g1d2cd9b
 10452 | D:11     | Received a gift from Trog
 10801 | D:11     | Found a staircase to the Orcish Mines.
 11152 | D:11     | Reached XP level 12. HP: 71/82 MP: 12/12
 11386 | D:12     | Found a gate leading to a gauntlet.
 11427 | D:12     | HP: 1/82 [white ugly thing (12)]
 11428 | D:12     | Slain by a white ugly thing

Vault maps used:
D:1:      dpeg_arrival_solitude
D:2:      grunt_dithmenos_smoke_and_mirrors,
          wander_ebering_terrifying_dragon_lair
D:3:      overflow_temple_1_default, first_ration
D:4:      old_standard_altar, kennysheep_mini, minmay_temple_entry_junction,
          uniq_crazy_yiuf_cottage, uniq_pikel
D:5:      led_sif_book, cheibriados_altar_1, gammafunk_temple_overflow_elements,
          basic_altar
D:6:      vehumet_altar_wand_db, trog_eyes_of_draining, uniq_eustachio,
          uniq_sigmund, uniq_grinder
D:7:      marbit_many_paths, kennysheep_vampire_church, serial_shops, shop
D:8:      dancing_weapons_uskayaw, david_nohive_1, minmay_increasing_density,
          uniq_grum, uniq_prince_ribbit1
D:9:      hangedman_decor_lopped
D:10:     minmay_lair_entry_grove, david_defended_altar_orc
D:11:     erik_orc_2, serial_rivers, chequers_serial_rivers_small_b,
          chequers_serial_rivers_micro_d, chequers_serial_rivers_micro_c,
          chequers_serial_rivers_small_3, chequers_serial_rivers_small_b,
          kennysheep_generic_room_7
D:12:     gammafunk_ghost_mausoleum, gauntlet_entry_generic,
          grunt_gozag_breadcrumbs

Skill      XL: |  1  2  3  4  5  6  7  8  9 10 11 12 |
---------------+-------------------------------------+-----
Dodging        | 2 3 4 5 |  5.5
Fighting       | 4 5 7 8 10 11 12 | 12.8
Unarmed Combat | 4 6 8 9 11 12 | 12.5
Armour         | 4 5 6 7 8 |  8.0

Action                   |  1- 3 |  4- 6 |  7- 9 | 10-12 || total
-------------------------+-------+-------+-------+-------++-------
Melee: Unarmed           |   208 |   269 |   354 |   740 ||  1571
       Punch             |     2 |     2 |    18 |    55 ||    77
Invok: Berserk           |       |     1 |     1 |     1 ||     3
       Trog's Hand       |       |       |     3 |     3 ||     6
Evoke: Wand              |       |       |       |     9 ||     9
  Use: Scroll            |       |     5 |    10 |     8 ||    23
  Eat: Chunk             |     1 |     9 |    12 |    18 ||    40
Armor: Animal skin       |     1 |       |       |       ||     1
       Ring mail         |    84 |   133 |   121 |   452 ||   790
       Scale mail        |       |       |    43 |       ||    43
Dodge: Dodged            |   106 |   141 |   201 |   599 ||  1047

Table legend:
 A = Non-vault XP
 B = Vault XP
 C = Vault XP percentage of total XP
 D = Non-vault monster count
 E = Vault monster count
 F = Vault count percentage of total count
                 A         B        C        D         E       F
            +---------+---------+-------+---------+---------+-------
      Total |   14121 |    6820 |  32.6 |     250 |      77 |  23.5
            +---------+---------+-------+---------+---------+-------
        D:1 |      36 |       0 |   0.0 |      21 |       0 |   0.0
        D:2 |     167 |       1 |   0.6 |      24 |       1 |   4.0
        D:3 |      84 |       0 |   0.0 |      18 |       0 |   0.0
        D:4 |     238 |     681 |  74.1 |      18 |       2 |  10.0
        D:5 |     365 |      42 |  10.3 |      16 |       1 |   5.9
        D:6 |     387 |     960 |  71.3 |      12 |       8 |  40.0
        D:7 |    1012 |     158 |  13.5 |      19 |       7 |  26.9
        D:8 |    1478 |    2010 |  57.6 |      18 |      21 |  53.8
        D:9 |    1547 |       0 |   0.0 |      28 |       0 |   0.0
       D:10 |    2847 |    2290 |  44.6 |      40 |      17 |  29.8
       D:11 |    4278 |     678 |  13.7 |      26 |      20 |  43.5
       D:12 |    1682 |       0 |   0.0 |      10 |       0 |   0.0
            +---------+---------+-------+---------+---------+-------
